 Dungeon Crawl Stone Soup version 0.30.0 (webtiles) character file.

Game seed: 12207287516214625448

114 kylektr the Cutter (level 4, -2/45 HPs)
             Began as a Troll Chaos Knight on July 21, 2023.
             Was a Plaything of Xom.
             Slain by Robin the killer bee (7 damage)
             ... on level 3 of the Dungeon.
             The game lasted 00:07:00 (1844 turns).

kylektr the Cutter (Troll Chaos Knight)             Turns: 1844, Time: 00:07:02

Health: -2/45      AC:  7    Str: 20    XL:     4   Next: 66%
Magic:  3/3        EV: 10    Int:  8    God:    Xom [*.....]
Gold:   108        SH:  0    Dex: 11    Spells: 3/3 levels left

rFire   . . .        a - +0 short sword (chaos)
rCold   . . .        (no shield)
rNeg    . . .        b - +2 robe
rPois   .            (helmet restricted)
rElec   .            m - +0 cloak
rCorr   .            (gloves unavailable)
SInv    .            (boots unavailable)
Will    .....        (no amulet)
Stlth   +            (no ring)
HPRegen 1.07/turn    (no ring)
MPRegen 0.08/turn

%: no passive effects
@: lethally poisoned (-2 -> -3)
A: large, unfitting armour, claws 3, regeneration 1, shaggy fur 1, tough skin 1
a: Renounce Religion


You were on level 3 of the Dungeon.
You worshipped Xom.
You were a special plaything of Xom.
You visited 1 branch of the dungeon, and saw 4 of its levels.

You collected 108 gold pieces.

Inventory:

Hand Weapons
 a - a +0 short sword of chaos (weapon)
 d - a +0 falchion
 f - a +0 dagger of freezing
Armour
 b - a +2 robe (worn)
 m - a +0 cloak (worn)
Jewellery
 i - a ring of resist corrosion
 k - a ring of fire
Potions
 e - a potion of invisibility {unknown}
 j - a potion of flight {unknown}
Miscellaneous
 c - a piece from Xom's chessboard (1/15) (quivered)


   Skills:
 + Level 3.2 Fighting
 + Level 3.2 Short Blades
 + Level 2.8 Dodging


You had 3 spell levels left.
You didn't know any spells.
Your spell library contained the following spells:

 Spells                   Type           Power      Damage    Failure   Level
 Freeze                   Ice            0%         1d3       41%         1
 Sandblast                Erth           0%         2d4       41%         1
 Blink                    Tloc           0%         N/A       54%         2
 Lesser Beckoning         Tloc           0%         N/A       54%         2
 Momentum Strike          Conj/Tloc      0%         3d8       54%         2
 Passwall                 Tmut/Erth      0%         N/A       54%         2
 Frozen Ramparts          Ice            0%         1d1       78%         3
 Hailstorm                Conj/Ice       0%         3d3       78%         3
 Stone Arrow              Conj/Erth      0%         3d7       78%         3
 Vhi's Electric Charge    Tloc/Air       0%         N/A       78%         3
 Arcjolt                  Conj/Air       0%         1d10      100%        5
 Plasma Beam              Fire/Air       0%         2x1d11    100%        6


Dungeon Overview and Level Annotations

Branches:
Dungeon (4/15)
 Temple: D:4-7

Altars:
Uskayaw

Shops:
D:1 *

Annotations:
D:3 Robin


Innate Abilities, Weirdness & Mutations

You are too large for most types of armour.
You have claws for hands.
Your natural rate of healing is unusually fast.
You are covered in fur. (AC +1)
You have tough skin. (AC +1)


Message History

You completely miss Robin.
The goblin no longer looks unusually strong.
Robin stings you.
You are more poisoned.
Robin poisons you! The goblin hits you with a +0 club.
* * * LOW HITPOINT WARNING * * *
The goblin hits you but does no damage. x2
You feel better. Robin barely misses you. x2
The goblin hits you but does no damage. The goblin hits you with a +0 club.
The goblin hits you but does no damage.
You completely miss Robin. Robin barely misses you. Robin closely misses you.
The goblin barely misses you.
A frilled lizard comes into view.
The goblin hits you but does no damage. x2
You miss Robin.
The frilled lizard hisses angrily.
Robin barely misses you. The goblin barely misses you.
The goblin hits you but does no damage. The goblin hits you with a +0 dagger.
Robin closely misses you.
You miss Robin. Robin stings you. The goblin barely misses you.
The goblin hits you but does no damage. x2; Robin barely misses you.
You barely miss Robin. Robin barely misses you.
The goblin hits you with a +0 club.
The goblin hits you but does no damage. x2
You miss Robin. Robin stings you!
* * * LOW HITPOINT WARNING * * *
You are poisoned.
Robin poisons you! Robin barely misses you.
The goblin attacks as you move away! The goblin hits you with a +0 club.
* * * LOW HITPOINT WARNING * * *
You feel sick.
The goblin no longer looks unusually strong.
The goblin hits you but does no damage. x2; Robin barely misses you.
You hit Robin. You burn Robin.
Robin is moderately wounded.
You feel sick. Robin closely misses you. The goblin hits you with a +0 club.
* * * LOW HITPOINT WARNING * * *
The goblin closely misses you. The goblin hits you but does no damage.
Robin stings you!
You die...
Xom guffaws!

#.## #.. #.# #
#.# # #.# ##.#
########.###...#
#............#
#..........###
#..........#
#.?...g@g..#
#.....gy.l.#
#.......)......
####.#.###.###.
#.#) .# # #. +#
.. .. ##.


You could see Robin the killer bee, 3 goblins and a frilled lizard.

Vanquished Creatures
  Terence (D:2)
  3 adders
  3 worms
  4 bats
  2 endoplasms
  2 giant cockroaches (D:1)
  8 goblins
  2 hobgoblins
  4 jackals (D:2)
  6 kobolds
  3 quokkas (D:2)
  4 ball pythons
  3 frilled lizards
  7 rats
52 creatures vanquished.

Notes
Turn   | Place    | Note
-------+----------+-------------------------------------------
     0 | D:1      | kylektr the Troll Chaos Knight began the quest for the Orb.
     0 | D:1      | Reached XP level 1. HP: 22/22 MP: 0/0
    83 | D:1      | Found Yfiyl's General Store.
   217 | D:1      | Reached XP level 2. HP: 29/29 MP: 1/1
   693 | D:2      | You fall into a shaft and drop 2 floors!
   700 | D:4      | Reached XP level 3. HP: 36/36 MP: 2/2
   787 | D:2      | XOM: silly message
  1221 | D:2      | Found a hide-covered altar of Uskayaw.
  1244 | D:2      | Reached XP level 4. HP: 44/45 MP: 3/3
  1521 | D:2      | Noticed Terence
  1527 | D:2      | XOM: enchant monster (good)
  1587 | D:2      | Killed Terence
  1817 | D:3      | Noticed Robin
  1825 | D:3      | Robin changed into Robin the killer bee
  1825 | D:3      | Noticed Robin
  1825 | D:3      | XOM: polymorph Robin -> Robin the killer bee
  1844 | D:3      | Slain by Robin the killer bee

Illustrated notes

Levels and vault maps discovered:
D:1:      saegor_arrival_simple_d, layout_basic, serial_shops,
          nicolae_diamond_shop, amethyst_killhole
D:2:      layout_basic, basic_altar, uniq_terence
D:3:      layout_rooms, mainiacjoe_overflow_surrounded_room,
          lemuel_doored_altar, minmay_fountain_box, uniq_robin
D:4:      layout_cave_pools

Skill      XL: |  1  2  3 |
---------------+----------+-----
Dodging        | 2 |  2.8
Fighting       | 3 |  3.2
Short Blades   | 3 |  3.2

Action                     |  1- 3 |  4- 6 || total
---------------------------+-------+-------++-------
  Melee: Short sword       |   163 |    62 ||   225
         Punch             |     2 |       ||     2
  Evoke: Piece from Xom's  |    15 |       ||    15
    Use: Scroll            |     2 |     5 ||     7
         Potion            |       |     2 ||     2
   Stab: Paralysed         |     1 |       ||     1
         Petrifying        |     3 |       ||     3
         Petrified         |     1 |       ||     1
 Armour: Robe              |    99 |    50 ||   149
  Dodge: Dodged            |    83 |    49 ||   132
